 Dungeon Crawl Stone Soup version 0.24.1 (webtiles) character file.

Game seed: 5300613547000830123, levelgen mode: deterministic

79 MajorAdolf the Sneak (level 4, -1/44 HPs)
             Began as a Naga Wanderer on Mar 28, 2020.
             Slain by a goblin
             ... wielding a +2 dagger of draining
             ... led by Robin
              (3 damage)
             ... on level 4 of the Dungeon.
             The game lasted 00:07:48 (2583 turns).

MajorAdolf the Sneak (Naga Wanderer)                Turns: 2583, Time: 00:07:49

Health: -1/44      AC:  3    Str: 14    XL:     4   Next: 37%
Magic:  4/4        EV:  9    Int: 12    God:
Gold:   69         SH:  0    Dex: 12    Spells: 3/3 levels left

rFire    . . .     SeeInvis +   f - +0 dagger
rCold    . . .     Gourm    .   (no shield)
rNeg     . . .     Faith    .   e - +1 robe
rPois    +         Spirit   .   (no helmet)
rElec    .         Reflect  .   (no cloak)
rCorr    .         Harm     .   (no gloves)
MR       .....                  (no barding)
Stlth    ++........             (no amulet)
HPRegen  0.14/turn              (no ring)
MPRegen  0.09/turn              (no ring)

@: short of breath, heavily drained, very slow
A: large, see invisible, deformed body, poison resistance, slowness 2, slow
metabolism 1, spit poison 1, AC +1
a: Spit Poison


You were on level 4 of the Dungeon.
You were hungry.

You visited 1 branch of the dungeon, and saw 4 of its levels.

You collected 69 gold pieces.

Inventory:

Hand Weapons
 a - a +2 shortbow
 c - a +0 falchion
 f - a +0 dagger (weapon)
Missiles
 b - 26 arrows
 j - 4 poisoned darts (quivered)
 s - 20 stones
Armour
 e - a +1 robe (worn)
Scrolls
 l - a scroll of identify
Potions
 d - 3 potions of curing
 m - a potion of agility
 q - a potion of ambrosia
Comestibles
 g - 3 rations
 h - a chunk of flesh


   Skills:
 - Level 4.0(1.7) Fighting
 - Level 1.7(0.0) Bows
 - Level 1.0(0.0) Armour
 + Level 1.2(0.0) Dodging
 + Level 6.4(3.9) Stealth
 - Level 1.0(0.0) Unarmed Combat


You had 3 spell levels left.
You didn't know any spells.
Your spell library was empty.

Dungeon Overview and Level Annotations

Branches:
Dungeon (4/15)
 Temple: D:4-7

Altars:

Annotations:
D:1 exclusion: downstairs


Innate Abilities, Weirdness & Mutations

You cannot wear boots.
Your serpentine skin is tough. (AC +1)
You have supernaturally acute eyesight. (SInv)
Armour fits poorly on your strangely shaped body.
Your system is resistant to poisons. (rPois)
You cover ground very slowly.
You have a slow metabolism.
You can spit poison.


Message History

Aim: a goblin, wielding a +2 dagger of draining (unusually strong)
The splash of poison misses the goblin.
You feel slightly more hungry. The goblin hits you but does no damage.
You feel drained.
You miss the goblin. The goblin completely misses you.
You hit the goblin.
The goblin is moderately wounded.
The goblin hits you with a +2 dagger of draining.
You feel drained.
You hit the goblin.
The goblin is severely wounded.
The goblin hits you with a +2 dagger of draining!
* * * LOW HITPOINT WARNING * * *
You feel drained.
* * * LOW HITPOINT WARNING * * *
You barely miss the goblin.
The goblin is severely wounded.
The goblin hits you with a +2 dagger of draining.
* * * LOW HITPOINT WARNING * * *
You feel drained.
You die...

#.... #....
#.... #....
##+##
....####....#
..........#
#####.........
#...'.@g......
#...#.........
##+##.........
#........#+###
#........#
#........#
+......<.#
#....##### #..


You could see a goblin.

Vanquished Creatures
  Robin (D:3)
  An ooze (D:1)
  A worm (D:1)
  A dart slug (D:1)
  A leopard gecko (D:1)
  4 giant cockroaches
  8 goblins
  9 hobgoblins
  3 jackals
  6 kobolds
  A quokka (D:3)
  A ball python (D:1)
  10 bats
  3 frilled lizards
  5 rats
55 creatures vanquished.

Vanquished Creatures (others)
  An adder (D:4)
  An orc (D:4)
  A giant cockroach (D:4)
3 creatures vanquished.

Grand Total: 58 creatures vanquished

Notes
Turn   | Place    | Note
-------+----------+-------------------------------------------
     0 | D:1      | MajorAdolf the Naga Wanderer began the quest for the Orb.
     0 | D:1      | MajorAdolf set off with the following items: a +2 shortbow,
                  | 26 arrows, a +0 falchion, a potion of curing, a +0 robe, a
                  | +0 dagger, a ration
     0 | D:1      | Reached XP level 1. HP: 22/22 MP: 1/1
   211 | D:1      | Reached skill level 4 in Stealth
   211 | D:1      | Reached XP level 2. HP: 30/30 MP: 2/2
   550 | D:1      | Reached skill level 5 in Stealth
   806 | D:1      | Reached XP level 3. HP: 36/36 MP: 3/3
  1278 | D:2      | Noticed an ice beast
  1780 | D:3      | Reached skill level 6 in Stealth
  2232 | D:3      | Reached XP level 4. HP: 44/44 MP: 4/4
  2467 | D:3      | Noticed Robin
  2516 | D:3      | Reached skill level 1 in Dodging
  2574 | D:3      | Killed Robin
  2583 | D:4      | HP: 2/44 [goblin/+2 dagger of draining[Robin] (6)]
  2583 | D:4      | Slain by a goblin

Levels and vault maps discovered:
D:1:      scummos_arrival_star, layout_basic, chequers_decorated_corner
D:2:      layout_loops_ring
D:3:      layout_loops_ring, first_ration, uniq_robin
D:4:      layout_gridville, xom_confusion_cloud

Skill      XL: |  1  2  3  4 |
---------------+-------------+-----
Stealth        | 4 5 6 |  6.4
Dodging        | 1 |  1.2
Fighting       | |  4.0
Bows           | |  1.7
Armour         | |  1.0
Unarmed Combat | |  1.0

Action                   |  1- 3 |  4- 6 || total
-------------------------+-------+-------++-------
Melee: Dagger            |   108 |    15 ||   123
       Punch             |     1 |       ||     1
Throw: Dart              |     6 |     7 ||    13
 Abil: Spit Poison       |    42 |    11 ||    53
  Use: Scroll            |     1 |     9 ||    10
 Stab: Sleeping          |     5 |       ||     5
  Eat: Chunk             |     5 |     1 ||     6
Armor: Robe              |    40 |    13 ||    53
Dodge: Dodged            |    72 |    18 ||    90
